 Dungeon Crawl Stone Soup version 0.28.0-43-g3370ac3207 (webtiles) character file.

Game seed: 13568996176560807226

43 jimonade the Grave Robber (level 3, -5/31 HPs)
             Began as a Gnoll Wanderer on Mar 17, 2022.
             Killed from afar by Sigmund (8 damage)
             ... with a magic dart
             ... on level 2 of the Dungeon.
             The game lasted 00:04:47 (1748 turns).

jimonade the Grave Robber (Gnoll Wanderer)          Turns: 1748, Time: 00:04:48

Health: -5/31      AC:  2    Str: 10    XL:     3   Next: 58%
Magic:  1/7        EV: 12    Int: 12    God:
Gold:   61         SH:  0    Dex: 13    Spells: 6/7 levels left

rFire   . . .      SeeInvis .   a - +1 hunting sling
rCold   . . .      Faith    .   (no shield)
rNeg    . . .      Spirit   .   c - +0 robe
rPois   .          Reflect  .   (no helmet)
rElec   .          Harm     .   (no cloak)
rCorr   .          Rampage  .   (no gloves)
Will    .....                   (no boots)
Stlth   ++........              (no amulet)
HPRegen 0.10/turn               (no ring)
MPRegen 0.10/turn               (no ring)

@: no status effects
A: fangs 1, strong nose, distributed training
a: no special abilities


You were on level 2 of the Dungeon.
You visited 1 branch of the dungeon, and saw 2 of its levels.

You collected 61 gold pieces.

Inventory:

Hand Weapons
 a - a +1 hunting sling (weapon)
 j - a +0 spear
 k - a +0 whip
Missiles
 b - 21 sling bullets (quivered ammo)
 g - 72 stones
Armour
 c - a +0 robe (worn)
Jewellery
 i - a ring of see invisible
Scrolls
 d - a scroll of magic mapping {unknown}
 e - 2 scrolls of identify {unknown}
 f - 2 scrolls of noise {unknown}
 l - a scroll of torment {unknown}
Potions
 h - 2 potions of curing {unknown}
 m - a potion of flight {unknown}
 n - 2 potions of heal wounds {unknown}


   Skills:
 + Level 4.5 Fighting
 + Level 0.8 Short Blades
 + Level 0.8 Long Blades
 + Level 0.8 Axes
 + Level 0.8 Maces & Flails
 + Level 0.8 Polearms
 + Level 0.8 Staves
 + Level 4.5 Slings
 + Level 0.8 Bows
 + Level 0.8 Crossbows
 + Level 0.8 Throwing
 + Level 2.6 Armour
 + Level 2.6 Dodging
 + Level 0.8 Stealth
 + Level 0.8 Shields
 + Level 0.8 Unarmed Combat
 + Level 2.8 Spellcasting
 + Level 0.5 Conjurations
 + Level 0.5 Hexes
 + Level 0.5 Summonings
 + Level 5.4 Necromancy
 + Level 0.5 Translocations
 + Level 0.5 Transmutations
 + Level 0.5 Fire Magic
 + Level 0.5 Ice Magic
 + Level 0.5 Air Magic
 + Level 0.5 Earth Magic
 + Level 0.5 Poison Magic
 + Level 1.0 Invocations
 + Level 0.8 Evocations


You had 6 spell levels left.
You knew the following spells:

 Your Spells              Type           Power      Damage    Failure   Level
a - Pain                  Necr           56%        1d6       2%          1

Your spell library contained the following spells:

 Spells                   Type           Power      Damage    Failure   Level
 Animate Skeleton         Necr           28%        N/A       2%          1
 Anguish                  Hex/Necr       4%         N/A       58%         4


Dungeon Overview and Level Annotations

Branches:
Dungeon (2/15)

Altars:
Xom

Annotations:
D:2 Sigmund


Innate Abilities, Weirdness & Mutations

You have very sharp teeth.
Your uncanny sense of smell can sniff out nearby items.
Your experience applies equally to all skills.


Message History

You're too confused to cast spells.
You're too confused to cast spells.
Unknown command.
You're too confused to cast spells.
Sigmund casts a spell at you. The puff of flame hits you!
You're too confused to move!
You are too injured to fight recklessly!
You bump into the rock wall.
You bump into the rock wall.
You feel less confused. Sigmund closely misses you.
Casting: Pain (safe; 2% risk of failure)
Confirm with . or Enter, or press ? or * to list all spells.
Aiming: Pain (safe; 2% risk of failure)
Press: ? - help, Shift-Dir - straight line, f/p - Sigmund
Aim: Sigmund, wielding a +0 scythe and wearing a +2 robe of cold resistance (heavily wounded, chance to affect: 78%) Sigmund writhes in agony.
Sigmund barely misses you.
Casting: Pain (safe; 2% risk of failure)
Confirm with . or Enter, or press ? or * to list all spells.
Aiming: Pain (safe; 2% risk of failure)
Press: ? - help, Shift-Dir - straight line, f/p - Sigmund
Aim: Sigmund, wielding a +0 scythe and wearing a +2 robe of cold resistance (severely wounded, chance to affect: 78%) Sigmund barely resists.
Casting: Pain (safe; 2% risk of failure)
Confirm with . or Enter, or press ? or * to list all spells.
Aiming: Pain (safe; 2% risk of failure)
Press: ? - help, Shift-Dir - straight line, f/p - Sigmund
Aim: Sigmund, wielding a +0 scythe and wearing a +2 robe of cold resistance (severely wounded, chance to affect: 78%) Sigmund barely resists.
Sigmund hits you from afar with a +0 scythe!
* * * LOW HITPOINT WARNING * * *
Casting: Pain (safe; 2% risk of failure)
Confirm with . or Enter, or press ? or * to list all spells.
You don't have enough magic to cast this spell.
Unknown command.
Unknown command.
Sigmund points at you and mumbles some strange words.
The magic dart hits you!
You die...

...#.# ..# ...# #..#.# #.#
....# .....# #.# ...#
#####.#..# #.# ....#####
......#..# ###@##........#
..##..#..####......# #...#
......#.......##.### #...#
#.##......###.##.####.#...###
...#..##..###+##@.....#.....#
#.....##<........######.....#
#.....##..##................#
..........##......#.##......#
.##.####..##......#.##.##...#
.##.###...##......#.##.##...#
.....##...#######.#.##.##...#
∆
.#.....................##...#
...........##############...#


You could see Sigmund.

Vanquished Creatures
  An adder (D:2)
  3 dart slugs
  A ball python (D:2)
  2 endoplasms
  3 giant cockroaches (D:1)
  A goblin (D:2)
  4 hobgoblins (D:1)
  2 quokkas (D:1)
  A bat (D:1)
  A frilled lizard (D:1)
  3 kobolds (D:1)
  5 rats
27 creatures vanquished.

Vanquished Creatures (others)
  A fungus (D:2)
  A plant (D:1)
2 creatures vanquished.

Grand Total: 29 creatures vanquished

Notes
Turn   | Place    | Note
-------+----------+-------------------------------------------
     0 | D:1      | jimonade the Gnoll Wanderer began the quest for the Orb.
     0 | D:1      | jimonade set off with the following items: a +1 hunting
                  | sling, 21 sling bullets, a +0 robe; and the following
                  | spells available to memorise: Animate Skeleton, Pain,
                  | Anguish
     0 | D:1      | Reached XP level 1. HP: 20/20 MP: 4/4
     2 | D:1      | Learned a level 1 spell: Pain
   225 | D:1      | Reached XP level 2. HP: 25/26 MP: 3/5
  1235 | D:2      | Reached XP level 3. HP: 29/31 MP: 5/7
  1293 | D:2      | Found a shimmering altar of Xom.
  1301 | D:2      | Noticed Sigmund
  1614 | D:2      | Reached skill level 1 in Invocations
  1748 | D:2      | Killed from afar by Sigmund

Illustrated notes

Levels and vault maps discovered:
D:1:      co_arrival_random_square_maze, layout_rooms, serial_forest,
          infiniplex_forest_end_1, infiniplex_forest_lined_1,
          infiniplex_forest_clump_tiny, infiniplex_forest_straight_2
D:2:      layout_basic, serial_shops,
          nicolae_shop_temple_entry_statues_fountains, basic_altar,
          uniq_crazy_yiuf_cottage, uniq_sigmund

Skill      XL: |  1  2  3 |
---------------+----------+-----
Invocations    | 1 |  1.0
Fighting       | |  4.5
Short Blades   | |  0.8
Long Blades    | |  0.8
Axes           | |  0.8
Maces & Flails | |  0.8
Polearms       | |  0.8
Staves         | |  0.8
Slings         | |  4.5
Bows           | |  0.8
Crossbows      | |  0.8
Throwing       | |  0.8
Armour         | |  2.6
Dodging        | |  2.6
Stealth        | |  0.8
Shields        | |  0.8
Unarmed Combat | |  0.8
Spellcasting   | |  2.8
Conjurations   | |  0.5
Hexes          | |  0.5
Summonings     | |  0.5
Necromancy     | |  5.4
Translocations | |  0.5
Transmutations | |  0.5
Fire Magic     | |  0.5
Ice Magic      | |  0.5
Air Magic      | |  0.5
Earth Magic    | |  0.5
Poison Magic   | |  0.5
Evocations     | |  0.8

Action                   || total
-------------------------++-------
 Fire: Hunting sling     ||    10
 Cast: Pain              ||    69
Armor: Robe              ||     8
Dodge: Dodged            ||    24
